 Dungeon Crawl Stone Soup version 0.18.1-48-g4cf74bf (webtiles) character file.

31 Heedrag the Conjurer (level 3, 0/19 HPs)
             Began as a Deep Elf Conjurer on Aug 13, 2016.
             Slain by a gnoll
             ... wielding a +0 spear
              (4 damage)
             ... on level 2 of the Dungeon.
             The game lasted 00:02:29 (885 turns).

Heedrag the Conjurer (Deep Elf Conjurer)             Turns: 885, Time: 00:02:29

Health: 0/19       AC:  2    Str:  6    XL:     3   Next: 7%
Magic:  5/10       EV:  8    Int: 19    God:
Gold:   83         SH:  0    Dex: 15    Spells: 1 memorised, 8 levels left

rFire  . . .     SeeInvis .     (no weapon)
rCold  . . .     Gourm    .     a - +0 robe
rNeg   . . .     Faith    .     (no shield)
rPois  .         Spirit   .     (no helmet)
rElec  .         Dismiss  .     (no cloak)
rCorr  .         Reflect  .     (no gloves)
SustAt .         Harm     .     (no boots)
MR     .....                    (no amulet)
Stlth  ++........               (no ring)
                                (no ring)

@: not resistant to hostile enchantments, unstealthy
A: no striking features
a: no special abilities


You were on level 2 of the Dungeon.
You were not hungry.

You visited 1 branch of the dungeon, and saw 2 of its levels.

You collected 83 gold pieces.

Inventory:

Armour
 a - a +0 robe (worn)
Jewellery
 j - a +5 amulet of reflection {unknown}
Scrolls
 h - a scroll of fear {unknown}
 k - a scroll of noise {unknown}
 p - 2 scrolls of identify {unknown}
Potions
 d - 2 potions of curing {unknown}
 g - a potion of mutation {unknown}
 l - 2 potions of degeneration {unknown}
Books
 b - a book of Conjurations

   Spells                             Type                      Level
   a - Magic Dart                     Conjuration                  1
   b - Searing Ray                    Conjuration                  2
   c - Dazzling Spray                 Conjuration/Hexes            3
   d - Fulminant Prism                Conjuration/Hexes            4
   e - Iskenderun's Mystic Blast      Conjuration                  4
   f - Iskenderun's Battlesphere      Conjuration/Charms           5
Miscellaneous
 e - a plain deck of summoning {drawn: 3}
Comestibles
 c - a bread ration
 f - 2 beef jerkies
 i - 5 fruits
 m - a meat ration
 n - a royal jelly
 o - 3 chunks of flesh


   Skills:
 - Level 2.4 Dodging
 - Level 2.4 Stealth
 + Level 3.6 Spellcasting
 * Level 5.2 Conjurations


You had 8 spell levels left.
You knew the following spells:

 Your Spells              Type           Power        Failure   Level  Hunger
a - Magic Dart            Conj           ###.         1%          1    None


Dungeon Overview and Level Annotations

Branches:
Dungeon (2/15)

Altars:
Nemelex Xobeh


Message History

Tha gnoll hits ye but does nay damage.
Castin': Magic Dart Confirm wit' . or Enter, or press ? or * ta list all spells.
Aimin': Magic Dart
Press: ? - help, Shift-Dir - straight line, f/p - gnoll
Aim: a gnoll, wieldin' a spear (severely wounded) Tha magic dart hits tha gnoll.
Tha gnoll be almost dead.
Tha gnoll hits ye from afar wit' a spear.
Castin': Magic Dart Confirm wit' . or Enter, or press ? or * ta list all spells.
Aimin': Magic Dart
Press: ? - help, Shift-Dir - straight line, f/p - gnoll
Aim: a gnoll, wieldin' a spear (almost dead) Tha magic dart hits tha gnoll.
Tha gnoll be almost dead.
Tha gnoll hits ye from afar wit' a spear!
* * * LOW HITPOINT WARNIN'
* * * Tha gnoll hits ye from afar wit' a spear.
Ye die...

g.. ! ...#g ...# #..#
.......# #..# ..........
#####.r###..........
##...##gg............
##....................
#......@..............
#............#......#
#..................#
#########...........#...+###
#.......#.#...##...###..#
#.......#.########## #..#
#.........# ###.##
#.......#### #...##
#..........#########....#


You could see 3 gnolls and a rat.

Vanquished Creatures
  An ooze (D:2)
  A dart slug (D:1)
  A ball python (D:1)
  5 bats
  4 goblins
  6 kobolds (D:1)
  4 giant newts (D:1)
  3 rats
25 creatures vanquished.

Vanquished Creatures (collateral kills)
  A bat (D:1)
1 creature vanquished.

Grand Total: 26 creatures vanquished

Notes
Turn   | Place    | Note
--------------------------------------------------------------
     0 | D:1      | Heedrag the Deep Elf Conjurer began the quest for the Orb.
     0 | D:1      | Reached XP level 1. HP: 10/10 MP: 6/6
    17 | D:1      | Found a sparkling altar of Nemelex Xobeh.
   268 | D:1      | Reached XP level 2. HP: 15/15 MP: 1/8
   551 | D:1      | Reached skill level 5 in Conjurations
   770 | D:2      | Reached XP level 3. HP: 18/19 MP: 3/10
   885 | D:2      | Slain by a gnoll

Skill      XL: |  1  2 |
---------------+-------+-----
Conjurations   | 5 |  5.2
Dodging        | |  2.4
Stealth        | |  2.4
Spellcasting   | |  3.6

Action                   || total
-------------------------++-------
 Cast: Magic Dart        ||    49
Evoke: Deck              ||     3
Armor: Robe              ||     2
Dodge: Dodged            ||     4
